 Dungeon Crawl Stone Soup version 0.30-a0-879-ga8ba668304 (webtiles) character file.

Game seed: 12661937514510491689

112 pokeman the Magician (level 4, 0/25 HPs)
             Began as a Deep Elf Hedge Wizard on Mar 12, 2023.
             Was an Initiate of Vehumet.
             Slain by a scorpion (5 damage)
             ... on level 4 of the Dungeon.
             The game lasted 00:04:43 (3191 turns).

pokeman the Magician (Deep Elf Hedge Wizard)        Turns: 3191, Time: 00:04:44

Health: 0/25       AC:  4    Str:  4 (7)  XL:     4   Next: 64%
Magic:  7/13       EV: 12    Int: 20 (21) God:    Vehumet [......]
Gold:   211        SH:  0    Dex: 12 (14) Spells: 6/14 levels left

rFire   . . .      SeeInvis .    m - +0 flail (drain)
rCold   . . .      Faith    .    (no shield)
rNeg    . . .      Spirit   .    b - +0 robe
rPois   .          Reflect  .    l - +0 helmet
rElec   .          Rampage  .    (no cloak)
rCorr   .                        p - +0 pair of gloves
Will    .....                    (no boots)
Stlth   ++                       (no amulet)
HPRegen 0.24/turn                (no ring)
MPRegen 0.13/turn                (no ring)

@: lethally poisoned (0 -> -5)
A: no striking features
a: Renounce Religion


You were on level 4 of the Dungeon.
You worshipped Vehumet.
Vehumet was noncommittal.
You visited 2 branches of the dungeon, and saw 5 of its levels.

You collected 211 gold pieces.

Inventory:

Hand Weapons
 m - a +0 flail of draining (weapon)
Armour
 b - a +0 robe (worn)
 l - a +0 helmet (worn)
 p - a +0 pair of gloves (worn)
Jewellery
 i - a ring of protection from fire
Scrolls
 a - 2 scrolls of vulnerability {unknown}
 f - 2 scrolls of teleportation {unknown}
 h - 3 scrolls of amnesia {unknown}
 k - a scroll of enchant weapon {unknown}
 n - 2 scrolls of fog {unknown}
 q - 3 scrolls of identify {unknown}
Potions
 c - a potion of degeneration
 d - a potion of magic
 e - 2 potions of might
 g - a potion of lignification {unknown}
 j - a potion of ambrosia {unknown}
 o - a potion of curing {unknown}


   Skills:
 - Level 1.0 Fighting
 - Level 1.2 Armour
 + Level 2.8 Dodging
 + Level 2.4 Stealth
 * Level 5.8 Spellcasting
 + Level 2.3 Conjurations
 - Level 1.1 Summonings
 - Level 1.1 Translocations


You had 6 spell levels left.
You knew the following spells:

 Your Spells              Type           Power      Damage    Failure   Level
a - Magic Dart            Conj           60%        1d6       4%          1
b - Mephitic Cloud        Conj/Pois/Air  8%         N/A       24%         3
c - Call Imp              Summ           10%        N/A       11%         2
d - Blink                 Tloc           20%        N/A       11%         2

Your spell library contained the following spells:

 Spells                   Type           Power      Damage    Failure   Level
 Shock                    Conj/Air       40%        1d5       7%          1
 Momentum Strike          Conj/Tloc      24%        3d8       8%          2
 Freeze                   Ice            20%        1d4       11%         1
 Slow                     Hex            20%        N/A       11%         1
 Cigotuvi's Dreadful Rot  Necr/Pois/Air  10%        N/A       16%         2
 Hailstorm                Conj/Ice       10%        3d5       21%         3
 Confusing Touch          Hex            5%         N/A       32%         3
 Frozen Ramparts          Ice            10%        1d2       32%         3
 Vampiric Draining        Necr           5%         2d6       32%         3
 Chain Lightning          Conj/Air       5%         3d6       100%        9


Dungeon Overview and Level Annotations

Branches:
Dungeon (4/15)             Temple (1/1) D:4

Altars:
Ashenzari
Dithmenos
Elyvilon
Fedhas
Gozag
Hepliaklqana
Makhleb
Okawaru
Qazlal
Ru
Sif Muna
Trog
Uskayaw
Vehumet
Xom
Yredelemnul
Zin
The Shining One


Message History

Casting: Mephitic Cloud (extremely dangerous; 22% risk of failure)
Confirm with . or Enter, or press ? or * to list all spells.
A beastly little devil appears in a puff of flame.
You feel sick.
A kobold comes into view. It is wielding a +0 dagger.
You feel sick.
Your crimson imp blinks!
Casting: Call Imp (safe; 10% risk of failure)
Confirm with . or Enter, or press ? or * to list all spells.
Aiming: Magic Dart (safe; 3% risk of failure)
Press: ? - help, Shift-Dir - straight line, f/p - scorpion
Aim: a scorpion (moderately wounded, confused, ally target, 100% to hit)
The magic dart hits the scorpion but does no damage.
The scorpion is moderately wounded.
You feel sick.
Casting: Magic Dart (safe; 3% risk of failure)
Confirm with . or Enter, or press ? or * to list all spells.
Aiming: Magic Dart (safe; 3% risk of failure)
Press: ? - help, Shift-Dir - straight line, f/p - scorpion
Aim: a scorpion (moderately wounded, confused, ally target, 100% to hit)
The magic dart hits the scorpion but does no damage.
The scorpion is moderately wounded.
You feel sick. The scorpion misses you.
You barely miss the scorpion.
The scorpion is moderately wounded.
You feel sick.
You are no longer poisoned.
The scorpion stings you.
You are lethally poisoned!
The scorpion poisons you!
* * * LOW HITPOINT WARNING * * *
You feel sick.
Your crimson imp blinks!
The kobold throws a stone.
The stone closely misses you.
It was a potion of degeneration.
There was something very wrong with that liquid.
You feel weakened.
You feel dopey.
You feel clumsy.
* * * LOW HITPOINT WARNING * * *
You feel sick.
The scorpion seems less confused.
The scorpion stings you.
You die...

....♣.♣.....# ...
............+ ....
...####.....###.... ..
................... ...
.................# ....
...............#####....
............####........
............# #........
............####@.......
............'..s..K.....
...........####........
..........# #.####...
.........# #+# ..
......... . ........^
......... ..........


You could see a scorpion and a kobold.

Vanquished Creatures
  Terence (D:2)
  Robin (D:2)
  3 adders
  3 dart slugs
  2 orcs (D:3)
  3 ball pythons
  2 endoplasms
  2 giant cockroaches
  5 goblins
  6 hobgoblins
  A quokka (D:2)
  3 bats
  5 frilled lizards
  4 kobolds
  A rat (D:3)
42 creatures vanquished.

Notes
Turn   | Place    | Note
-------+----------+-------------------------------------------
     0 | D:1      | pokeman the Deep Elf Hedge Wizard began the quest for the
                  | Orb.
     0 | D:1      | Reached XP level 1. HP: 10/10 MP: 7/7
   639 | D:1      | Reached XP level 2. HP: 16/16 MP: 4/9
   941 | D:2      | Noticed Terence
  1011 | D:2      | Noticed Robin
  1182 | D:2      | Reached skill level 5 in Spellcasting
  1214 | D:2      | Reached XP level 3. HP: 20/20 MP: 5/11
  1218 | D:2      | Learned a level 3 spell: Mephitic Cloud
  1221 | D:2      | Learned a level 2 spell: Call Imp
  1224 | D:2      | Learned a level 2 spell: Blink
  1358 | D:2      | Killed Robin
  1359 | D:2      | Reached skill level 1 in Fighting
  1440 | D:2      | Killed Terence
  1441 | D:2      | Reached skill level 1 in Armour
  1441 | D:2      | Reached XP level 4. HP: 24/25 MP: 2/13
  2081 | D:3      | Got the Discursus on Conjuring
  3050 | D:4      | Found a staircase to the Ecumenical Temple.
  3063 | Temple   | Entered the Ecumenical Temple
  3134 | Temple   | Became a worshipper of Vehumet
  3170 | D:4      | Noticed a scorpion
  3191 | D:4      | Slain by a scorpion

Illustrated notes

Levels and vault maps discovered:
D:1:      zaba_arrival_water, layout_basic
D:2:      layout_loops_ring, chequers_decorated_corner, uniq_terence, uniq_robin
D:3:      layout_loops_ring
D:4:      layout_basic, minmay_temple_entry_trees
Temple:   nicolae_temple_bog_church

Skill      XL: |  1  2  3 |
---------------+----------+-----
Spellcasting   | 5 |  5.8
Fighting       | 1 |  1.0
Armour         | 1 |  1.2
Conjurations   | 2 |  2.3
Dodging        | |  2.8
Stealth        | |  2.4
Summonings     | |  1.1
Translocations | |  1.1

Action                     |  1- 3 |  4- 6 || total
---------------------------+-------+-------++-------
  Melee: Dagger            |    32 |       ||    32
         Flail             |       |     5 ||     5
   Cast: Magic Dart        |    57 |    47 ||   104
         Mephitic Cloud    |     4 |     1 ||     5
         Call Imp          |     2 |     1 ||     3
    Use: Potion            |       |     1 ||     1
   Stab: Confused          |     3 |     1 ||     4
 Armour: Robe              |     4 |     2 ||     6
  Dodge: Dodged            |    17 |     7 ||    24

Table legend: (Time is in decaauts)
 A = Elapsed time spent in this place.
 B = Non-inter-level travel time spent in this place.
 C = Inter-level travel time spent in this place.
 D = Time resting spent in this place.
 E = Time spent auto-exploring this place.
 F = Levels seen in this place.
 G = Mean time per level.
                   A        B        C        D        E       F      G
               +--------+--------+--------+--------+--------+-----+--------+
         Total |   3199 |   3044 |    155 |     12 |   2637 |   5 |  639.8 |
       Dungeon |   3110 |   2971 |    139 |     12 |   2582 |   4 |  777.5 |
        Temple |     89 |     73 |     16 |      0 |     55 |   1 |   89.0 |
               +--------+--------+--------+--------+--------+-----+--------+

Top non-repeatable levels by time:
     D:1: 1038 daAuts
     D:2: 1037 daAuts
     D:3: 891 daAuts
     D:4: 142 daAuts
  Temple: 89 daAuts
